 Dungeon Crawl Stone Soup version 0.26.1-11-gd32895ea62 (webtiles) character file.

Game seed: 13957800919619722627

8744 growler the Zephyrmancer (level 11, -10/62 HPs)
             Began as a Tengu Air Elementalist on June 7, 2021.
             Was an Elder of Vehumet.
             Hit by a stone thrown by an orc warrior (13 damage)
             ... on level 10 of the Dungeon on June 8, 2021.
             The game lasted 00:31:26 (15846 turns).

growler the Zephyrmancer (Tengu Air Elementalist)  Turns: 15846, Time: 00:31:26

Health: -10/62     AC:  3    Str:  8    XL:     11   Next: 35%
Magic:  11/28      EV: 13    Int: 18    God:    Vehumet [****..]
Gold:   581        SH: 11    Dex: 16    Spells: 2/20 levels left

rFire    . . .     SeeInvis .   B - +3 rapier
rCold    . . .     Faith    .   A - +2 kite shield {rN+}
rNeg     + . .     Spirit   .   a - +0 robe
rPois    .         Reflect  .   (helmet restricted)
rElec    .         Harm     .   s - +0 cloak
rCorr    .         Rampage  .   (no gloves)
Will     .....                  (boots unavailable)
Stlth    +.........             (no amulet)
HPRegen  0.20/turn              C - ring of magical power
MPRegen  0.21/turn              M - ring of attention (curse)

@: flying quickly and evasively, quick
A: beak, talons 3, able to fly
a: Stop Flying, Renounce Religion


You were on level 10 of the Dungeon.
You worshipped Vehumet.
Vehumet was greatly pleased with you.
You visited 2 branches of the dungeon, and saw 11 of its levels.

You collected 581 gold pieces.

Inventory:

Hand Weapons
 n - a +3 dagger of venom
   (You took it off an orc on level 3 of the Dungeon)
 B - a +3 rapier (weapon)
   (You took it off an orc priest on level 7 of the Dungeon)
 K - the +10 short sword of Vejas {freeze, Will+ Str+4}
   (You took it off an orc on level 10 of the Dungeon)

   It has been specially enchanted to freeze those struck by it, causing extra
   injury to most foes and up to half again as much damage against particularly
   susceptible opponents.
   It can also slow down cold-blooded creatures.
   It affects your strength (+4).
   It affects your willpower, your defense against some magical effects.
Missiles
 I - 83 poisoned darts
Armour
 a - a +0 robe (worn)
 p - a +0 buckler
   (You found it on level 3 of the Dungeon)
 s - a +0 cloak (worn)
   (You found it on level 4 of the Dungeon)
 z - a +0 pair of gloves
   (You found it on level 6 of the Dungeon)
 A - a +2 kite shield of positive energy (worn)
   (You found it on level 7 of the Dungeon)
Jewellery
 g - an uncursed ring of fire
   (You found it on level 2 of the Dungeon)
 o - an uncursed ring of protection from cold
   (You found it on level 6 of the Dungeon)
 x - an uncursed ring of protection from cold
   (You found it on level 6 of the Dungeon)
 C - a ring of magical power (left hand)
   (You found it on level 7 of the Dungeon)
 M - a cursed ring of attention (right hand)
   (You found it on level 10 of the Dungeon)
Wands
 d - a wand of iceblast (8)
   (You found it on level 10 of the Dungeon)
 t - a wand of flame (41)
   (You found it on level 3 of the Dungeon)
 v - a wand of polymorph (14)
   (You found it on level 5 of the Dungeon)
Scrolls
 b - 3 scrolls of fog {unknown}
 c - 4 scrolls of enchant weapon
 e - 7 scrolls of remove curse {@r2}
 i - 4 scrolls of magic mapping
 l - 3 scrolls of amnesia {unknown}
 m - 4 scrolls of teleportation {@r4}
 q - 2 scrolls of blinking {unknown}
 r - a scroll of fear {unknown}
 w - 3 scrolls of immolation {!r}
 y - a scroll of enchant armour {unknown}
 E - a scroll of summoning {unknown}
 J - a scroll of holy word {unknown}
 L - 2 scrolls of identify {@r1}
Potions
 f - a potion of brilliance {unknown}
 h - a potion of heal wounds {@q2}
 j - 2 potions of cancellation
 k - 3 potions of curing {unknown}
 u - 5 potions of degeneration {unknown}
 D - a potion of magic {unknown}
 F - a potion of attraction {unknown}
 G - a potion of haste {unknown}
 H - 7 potions of ambrosia {unknown}


   Skills:
 + Level 4.7 Fighting
 - Level 2.1 Dodging
 - Level 2.0 Stealth
 + Level 6.4 Shields
 - Level 5.0 Spellcasting
 - Level 12.0 Conjurations
 + Level 14.3 Air Magic


You had 2 spell levels left.
You knew the following spells:

 Your Spells              Type           Power        Failure   Level
a - Shock                 Conj/Air       100%         1%          1
b - Airstrike             Air            27%          1%          4
c - Lightning Bolt        Conj/Air       25%          1%          5
d - Static Discharge      Conj/Air       51%          1%          3
f - Mephitic Cloud        Conj/Pois/Air  36%          1%          3
s - Swiftness             Air            54%          1%          2

Your spell library contained the following spells:

 Spells                   Type           Power        Failure   Level
 Ignite Poison            Fire/Tmut/Pois 4%           28%         3


Dungeon Overview and Level Annotations

Branches:
Dungeon (10/15)            Temple (1/1) D:7            Lair (0/6) D:8
    Orc: D:9-12

Altars:
Cheibriados
Dithmenos
Elyvilon
Fedhas
Gozag
Kikubaaqudgha
Okawaru
Uskayaw
Vehumet
Wu Jian
Zin
The Shining One

Shops:
D:4 *   D:5 *(!   D:7 !

Annotations:
D:4 2 transporters, bigdumb's ghost, amateur DgFi
D:10 1 transporter


Innate Abilities, Weirdness & Mutations

You have a beak for a mouth.
You have claws for feet.
You can fly continuously.


Message History

Deactivating autopickup; reactivate with Ctrl-A.
You hit something. Your peck misses something. You block something's attack.
Something hits you.
You're wearing all the rings you can.
Remove which one? (? for menu, Esc to cancel) < or
C - a ring of magical power; > or
o - a ring of protection from cold You remove your ring of protection from cold.
Something hits you!
Oops, that ring feels deathly cold.
M - a cursed ring of attention (right hand)
Something hits you!
As you read the scroll of teleportation {@r4}, it crumbles to dust.
You feel strangely unstable. Something hits you!
* * * LOW HITPOINT WARNING * * *
Something hits you.
* * * LOW HITPOINT WARNING * * *
The air twists around and strikes something!
Something hits you.
* * * LOW HITPOINT WARNING * * *
The air twists around and strikes something!!
Your surroundings suddenly seem different.
An orc warrior comes into view. It is wielding a +0 battleaxe.
The orc warrior shouts!
An orc priest comes into view. It is wielding a -3 dagger.
The orc priest shouts!
An orc priest comes into view. It is wielding a +0 club.
The orc priest shouts!
An orc comes into view. It is wielding a +0 mace.
The orc shouts!
The orc priest mumbles some strange prayers to Beogh against you.
Beogh smites you!
* * * LOW HITPOINT WARNING * * *
Aim: an orc priest, wielding a -3 dagger The air twists around and strikes the orc priest!
You kill the orc priest!
Vehumet accepts your kill.
You feel your power returning.
The orc priest calls down the wrath of Beogh upon you.
Beogh smites you!
* * * LOW HITPOINT WARNING * * *
Aim: an orc priest, wielding a +0 club The air twists around and strikes the orc priest!
Aim: an orc priest, wielding a +0 club (almost dead)
The air twists around and strikes the orc priest!
You kill the orc priest!
Vehumet accepts your kill.
You feel your power returning.
The orc warrior throws a stone.
The stone hits you!
You die...

##......#.#......}...........
###...........................
#.......###..............[....
#....##..##.#............<....
#.....#.....#............[[)..
#.........................(<..
###......###..#)........#.[[..
##.#...##...o.)......####...
###.......@...........†##..
#...........o.......#.##..
#......#..........###†###.
##.....#..........#.†...#.
########.........#.†...#.
.......#.##...††#. .......#.
#†....# ...#..... #††...#
#....†#


You could see an orc warrior and an orc.

Vanquished Creatures
  A queen bee (D:10)
  A troll (D:10)
  A hornet (D:9)
  A wyvern (D:7)
  10 yaks
  Menkaure (D:5)
  2 ice beasts
  4 sky beasts
  6 orc warriors
  2 black bears
  3 phantoms
  8 ogres
  A necrophage (D:10)
  4 centaurs
  6 bullfrogs
  2 scorpions
  A water moccasin skeleton (D:8)
  35 killer bees
  4 wights
  4 howler monkeys
  3 electric eels (D:3)
  2 lava snakes (D:8)
  A bullfrog zombie (D:7)
  A quasit (D:10)
  A bullfrog skeleton (D:10)
  7 orc wizards
  5 hounds
  3 jellies
  4 centaur skeletons
  6 orc priests
  4 iguanas
  2 worker ants
  3 hound skeletons
  3 worker ant zombies
  9 adders
  A shadow imp (D:6)
  4 white imps
  2 ufetubi
  2 oozes
  3 worms
  A dart slug (D:1)
  4 leopard geckos
  47 orcs
  3 giant cockroaches
  4 goblins
  7 hobgoblins
  8 jackals
  3 kobolds
  8 quokkas
  A ball python (D:3)
  9 bats
  3 frilled lizards
  A jackal skeleton (D:4)
  A leopard gecko skeleton (D:4)
  A quokka skeleton (D:7)
  2 rats (D:3)
266 creatures vanquished.

Vanquished Creatures (others)
  2 plants (D:3)
2 creatures vanquished.

Grand Total: 268 creatures vanquished

Notes
Turn   | Place    | Note
-------+----------+-------------------------------------------
     0 | D:1      | growler the Tengu Air Elementalist began the quest for the
                  | Orb.
     0 | D:1      | Reached XP level 1. HP: 10/10 MP: 4/4
   639 | D:1      | Reached XP level 2. HP: 15/15 MP: 1/6
   642 | D:1      | Learned a level 2 spell: Swiftness
  1406 | D:2      | Reached XP level 3. HP: 19/19 MP: 4/7
  1410 | D:2      | Learned a level 3 spell: Static Discharge
  2465 | D:3      | Found a transporter.
  2543 | D:3      | Reached XP level 4. HP: 24/24 MP: 6/9
  2733 | D:3      | Found a transporter.
  3021 | D:3      | Reached skill level 5 in Air Magic
  3504 | D:3      | Gained mutation: You can fly continuously. [Tengu growth]
  3504 | D:3      | Reached XP level 5. HP: 11/28 MP: 10/10
  4071 | D:3      | Learned a level 4 spell: Airstrike
  4154 | D:4      | Reached XP level 6. HP: 32/32 MP: 8/12
  4233 | D:4      | Found a transporter.
  4246 | D:4      | Reached skill level 6 in Air Magic
  4362 | D:4      | Noticed bigdumb's ghost (amateur DgFi)
  4499 | D:4      | Found Gekonoamp's Assorted Antiques.
  4782 | D:4      | Found a transporter.
  4802 | D:5      | Entered Level 5 of the Dungeon
  4906 | D:5      | Reached skill level 5 in Conjurations
  5061 | D:5      | Found Tacod's Distillery.
  5106 | D:5      | Found Holiynodee's Assorted Antiques.
  5196 | D:5      | Reached XP level 7. HP: 36/36 MP: 8/14
  5234 | D:5      | Noticed Menkaure
  5542 | D:5      | Killed Menkaure
  5543 | D:5      | Reached skill level 7 in Air Magic
  5666 | D:5      | Found Tianwant's Weapon Boutique.
  5766 | D:5      | Found a glowing silver altar of Zin.
  5793 | D:5      | Found an ornate altar of the Wu Jian Council.
  6265 | D:6      | Reached XP level 8. HP: 41/41 MP: 3/16
  6271 | D:6      | Learned a level 5 spell: Lightning Bolt
  6427 | D:6      | Reached skill level 5 in Spellcasting
  6427 | D:6      | Reached skill level 8 in Air Magic
  7259 | D:6      | Reached skill level 9 in Air Magic
  7495 | D:7      | Found a staircase to the Ecumenical Temple.
  7505 | Temple   | Entered the Ecumenical Temple
  7517 | Temple   | Became a worshipper of Vehumet
  8028 | D:7      | Reached skill level 10 in Air Magic
  8028 | D:7      | Reached XP level 9. HP: 45/45 MP: 4/17
  8401 | D:6      | Reached * piety under Vehumet
  8401 | D:6      | Offered knowledge of Foxfire by Vehumet.
  8928 | D:7      | Reached skill level 10 in Conjurations
  9032 | D:7      | Reached skill level 11 in Air Magic
  9864 | D:7      | Found Wianlipu's Distillery.
 10021 | D:8      | Reached skill level 1 in Shields
 10346 | D:8      | Found a staircase to the Lair.
 10354 | D:8      | Offered knowledge of Freeze by Vehumet.
 10363 | D:8      | Reached ** piety under Vehumet
 10494 | D:8      | Reached XP level 10. HP: 27/50 MP: 13/18
 10724 | D:8      | Reached skill level 12 in Air Magic
 11729 | D:8      | Found a blossoming altar of Fedhas.
 11729 | D:8      | Found a shadowy altar of Dithmenos.
 11730 | D:8      | Found a glowing golden altar of the Shining One.
 12248 | D:9      | Offered knowledge of Mephitic Cloud by Vehumet.
 12253 | D:9      | Learned a level 3 spell: Mephitic Cloud
 12675 | D:9      | Reached skill level 13 in Air Magic
 12970 | D:9      | Found a snail-covered altar of Cheibriados.
 13303 | D:10     | Entered Level 10 of the Dungeon
 13308 | D:10     | Reached *** piety under Vehumet
 13314 | D:9      | Reached skill level 1 in Fighting
 13931 | D:9      | Reached skill level 5 in Shields
 14384 | D:10     | Reached XP level 11. HP: 60/60 MP: 4/19
 14505 | D:10     | Offered knowledge of Fulminant Prism by Vehumet.
 14733 | D:10     | Reached skill level 14 in Air Magic
 14883 | D:10     | Identified the +10 short sword of Vejas {freeze, Will+
                  | Str+4}
 15276 | D:10     | Reached **** piety under Vehumet
 15605 | D:10     | Offered knowledge of Ignite Poison by Vehumet.
 15821 | D:10     | Found a transporter.
 15844 | D:10     | HP: 3/62 [orc priest/divine providence (13)]
 15846 | D:10     | Hit by a stone thrown by an orc warrior

Illustrated notes

Levels and vault maps discovered:
D:1:      saegor_arrival_simple_e, layout_loops_corners
D:2:      layout_basic
D:3:      gammafunk_steamed_eel, layout_loops_ring, serial_park_tiny_1,
          grunt_decor_resistance
D:4:      layout_rooms, gammafunk_ghost_stat_death, serial_shops, shop_fountains
D:5:      layout_loops_cross, zin_statuary, general_overflow_altar,
          serial_shops, shop, shop, shop, uniq_menkaure
D:6:      layout_gridville
D:7:      minmay_clustersquares, layout_loops_corners,
          minmay_temple_entry_wispy, serial_shops, shop
D:8:      layout_loops_ring, gammafunk_temple_overflow_claw, lair_entry_dummy,
          kennysheep_nub, kennysheep_generic_room_7
D:9:      layout_basic, lemuel_doored_altar, special_room [special_room_orc]
D:10:     layout_cave_pools, gammafunk_ghost_abyssal_escape, special_room
          [special_room_bee]
Temple:   compressed_dpeg_circular_temple

Skill      XL: |  1  2  3  4  5  6  7  8  9 10 11 |
---------------+----------------------------------+-----
Conjurations   | 2 3 4 5 6 9 11 12 | 12.0
Air Magic      | 5 6 7 10 11 13 14 | 14.3
Spellcasting   | 3 4 5 |  5.0
Shields        | 2 5 6 |  6.4
Fighting       | 3 4 |  4.7
Dodging        | |  2.1
Stealth        | |  2.0

Action                   |  1- 3 |  4- 6 |  7- 9 | 10-12 || total
-------------------------+-------+-------+-------+-------++-------
Melee: Dagger            |       |    21 |    21 |       ||    42
       Kick              |       |     8 |     6 |     4 ||    18
       Peck              |       |     5 |     6 |     4 ||    15
       Rapier            |       |       |     6 |    26 ||    32
 Cast: Shock             |    74 |    68 |    17 |     4 ||   163
       Static Discharge  |       |     8 |     6 |    28 ||    42
       Airstrike         |       |     1 |   102 |   155 ||   258
       Mephitic Cloud    |       |       |       |     2 ||     2
 Abil: Fly               |       |     1 |       |       ||     1
Evoke: Wand              |       |     3 |       |       ||     3
  Use: Scroll            |       |     7 |     1 |     1 ||     9
 Stab: Sleeping          |       |     2 |       |       ||     2
Armor: Robe              |     1 |     3 |     5 |     6 ||    15
Dodge: Dodged            |     6 |    21 |    53 |    46 ||   126
Block: Kite shield       |       |       |       |    27 ||    27
       Buckler           |       |       |       |     9 ||     9
